 Dungeon Crawl Stone Soup version 0.21.1-1-g345015f (webtiles) character file.

10245 iamserjio the Nimble (level 11, -3/78 HPs)
             Began as an Octopode Monk on Apr 8, 2018.
             Was an Elder of Yredelemnul.
             Slain by a troll (14 damage)
             ... led by an orc knight
             ... on level 11 of the Dungeon.
             The game lasted 01:04:27 (11979 turns).

iamserjio the Nimble (Octopode Monk)               Turns: 11979, Time: 01:04:28

Health: -3/78      AC:  1    Str: 10    XL:     11   Next: 59%
Magic:  16/16      EV: 22    Int: 12    God:    Yredelemnul [****..]
Gold:   874        SH:  6    Dex: 19    Spells: 8/10 levels left

rFire    + . .     SeeInvis .   x - +6 long sword "Civveg" {slice, rF+ rN+ Stlth+}
rCold    . . .     Gourm    .   F - +0 buckler
rNeg     + . .     Faith    .   (helmet restricted)
rPois    .         Spirit   .   (no amulet)
rElec    .         Reflect  .   (no ring)
rCorr    .         Harm     .   (no ring)
MR       .....                  (no ring)
Stlth    +++++.....             (no ring)
HPRegen  0.23/turn              (no ring)
MPRegen  0.15/turn              (no ring)
                                (no ring)
                                (no ring)

@: no status effects
A: almost no armour, stealthy swim, amphibious, 8 rings, constrict 8, camouflage
1, gelatinous body 1
a: Recall Undead Slaves, Injury Mirror, Animate Dead, Drain Life, Renounce
Religion


You were on level 11 of the Dungeon.
You worshipped Yredelemnul.
Yredelemnul was greatly pleased with you.
You were not hungry.

You visited 3 branches of the dungeon, and saw 14 of its levels.

You collected 874 gold pieces.

Inventory:

Hand Weapons
 k - a +2 dagger of speed
 q - a cursed -3 dagger
 x - the +6 long sword "Civveg" (weapon) {slice, rF+ rN+ Stlth+}
   (You took it off a crimson imp on level 4 of the Dungeon)

   It inflicts extra damage upon your enemies.
   It protects you from fire.
   It protects you from negative energy.
   It makes you more stealthy.
 A - a +2 short sword of freezing
 B - a +2 vampiric short sword
 H - a cursed -2 short sword
 I - a cursed +3 mace of freezing
 M - a +2 trident
 N - a cursed +3 great sword
 P - the +2 mace of Balance {freeze, rPois MR+, unknown}
   (You found it on level 9 of the Dungeon)

   It has been specially enchanted to freeze those struck by it, causing extra
   injury to most foes and up to half again as much damage against particularly
   susceptible opponents.
   It can also slow down cold-blooded creatures.
   It protects you from poison.
   It affects your resistance to hostile enchantments.
 T - a +1 shortbow of flaming
 W - a +1 short sword of flaming
Armour
 r - a +0 large shield
 F - a +0 buckler (worn)
Jewellery
 O - an uncursed amulet of rage {unknown}
Wands
 a - a wand of polymorph (22)
 D - a wand of acid (14)
 R - a wand of paralysis (20)
Scrolls
 e - 5 scrolls of remove curse
 f - a scroll of immolation {unknown}
 h - 5 scrolls of amnesia
 l - a scroll of blinking {unknown}
 m - 4 scrolls of teleportation
 p - 2 scrolls of magic mapping {unknown}
 w - a scroll of noise
 y - a scroll of enchant armour
 C - a scroll of holy word
 E - 2 scrolls of fear
 J - 2 scrolls of enchant weapon {unknown}
 S - a scroll of torment {unknown}
Potions
 d - 2 potions of lignification
 g - 2 potions of curing
 i - 2 potions of haste
 j - 3 potions of cancellation {unknown}
 n - a potion of resistance {unknown}
 s - 3 potions of flight {unknown}
 t - 2 potions of heal wounds {unknown}
 u - 2 potions of ambrosia {unknown}
 v - a potion of agility {unknown}
 K - a potion of mutation {unknown}
 V - a potion of brilliance {unknown}
Books
 c - a book of Flames

   Spells                             Type                      Level
   a - Flame Tongue                   Conjuration/Fire             1
   b - Throw Flame                    Conjuration/Fire             2
   c - Conjure Flame                  Conjuration/Fire             3
   d - Inner Flame                    Hexes/Fire                   3
   e - Sticky Flame                   Conjuration/Fire             4
   f - Fireball                       Conjuration/Fire             5
 o - a book of Minor Magic

   Spells                             Type                      Level
   a - Magic Dart                     Conjuration                  1
   b - Blink                          Translocation                2
   c - Call Imp                       Summoning                    2
   d - Slow                           Hexes                        2
   e - Conjure Flame                  Conjuration/Fire             3
   f - Mephitic Cloud                 Conjuration/Poison/Air       3
 z - a book of Geomancy

   Spells                             Type                      Level
   a - Sandblast                      Earth                        1
   b - Passwall                       Transmutation/Earth          2
   c - Stone Arrow                    Conjuration/Earth            3
   d - Petrify                        Transmutation/Earth          4
   e - Lee's Rapid Deconstruction     Earth                        5
 G - a book of Frost

   Spells                             Type                      Level
   a - Freeze                         Ice                          1
   b - Throw Frost                    Conjuration/Ice              2
   c - Ozocubu's Armour               Charms/Ice                   3
   d - Throw Icicle                   Conjuration/Ice              4
   e - Summon Ice Beast               Ice/Summoning                4
Comestibles
 b - 15 rations
 L - 4 chunks of flesh


   Skills:
 + Level 8.6 Fighting
 - Level 3.0(6.5) Short Blades
 * Level 9.1(9.3) Long Blades
 * Level 10.6 Dodging
 - Level 6.0 Stealth
 - Level 4.0 Shields
 + Level 6.7 Invocations


You had 8 spell levels left.
You knew the following spells:

 Your Spells              Type           Power        Failure   Level  Hunger
a - Blink                 Tloc           N/A          45%         2    ###....


Dungeon Overview and Level Annotations

Branches:
Dungeon (12/15)            Temple (1/1) D:5             Orc (1/2) D:11
   Lair: D:8-11

Altars:
Ashenzari
Cheibriados
Elyvilon
Fedhas
Gozag
Hepliaklqana
Kikubaaqudgha
Nemelex Xobeh
Okawaru
Qazlal
Ru
Sif Muna
Trog
Uskayaw
Vehumet
Wu Jian
Xom
Yredelemnul
Zin
The Shining One

Shops:
D:7 (

Annotations:
D:5 Shinoi's ghost, novice GrEE


Innate Abilities, Weirdness & Mutations

You cannot wear most types of armour.
You are very stealthy in the water. (Stealth+)
You are amphibious.
You can wear up to eight rings at the same time.
You can use your tentacles to constrict eight enemies at once.
Your skin changes colour to match your surroundings (Stealth+).
Your rubbery body absorbs attacks. (AC +1, EV +1)


Message History

The troll closely misses you. The troll claws you!
The orc knight hits you with a great sword!!
The troll closely misses you. The troll claws you!
* * * LOW HITPOINT WARNING * * *
The troll claws you.
* * * LOW HITPOINT WARNING * * *
There is a staircase back to the Dungeon, spattered with blood here.
The orc knight completely misses you. The troll completely misses you.
The troll misses you. The troll barely misses you.
You climb upwards.
Welcome back to the Dungeon!
There is a staircase to the Orcish Mines, spattered with blood here.
You swap places.
The orc knight hits your killer bee zombie with a great sword!!
Your killer bee zombie is destroyed!
The troll misses you.
You riposte.
You hit the troll. Your squeeze misses the troll.
The troll is moderately wounded.
You block the troll's attack. The troll claws you!
You die...
Your body rises from the dead as a mindless zombie.

.#....#....#............(..####
.##'########...............#..###
...........................'.....
...........................#Z....
...........................#.....
...(.......................#..##.
.##'##.....................#..##.
.#...#..........TZZ........#...Z.
.#...+......#...@ZZ........#Z....
.#...#......#....ZZ........'.....
.#...#......#....ZM........#..##.
.#...#......#....Zo........#..##.
.#...#.....................#.Z.#.
.#...#.....................+...#.
.#...+.....................#...#.
.#...# ....................#...#
.#...####'##...............#...#.


You could see an orc knight, a troll, a friendly mummy, a friendly warg zombie,
a friendly kobold zombie, a friendly orc zombie, a friendly orc warrior zombie,
a friendly orc priest zombie, a friendly ogre zombie, a friendly troll zombie
and a friendly necrophage skeleton.

Vanquished Creatures
  3 two-headed ogres
  A deep elf mage (D:10)
  4 trolls
  A hornet (D:9)
  Prince Ribbit (D:7)
  A hippogriff (D:9)
  A spriggan (shapeshifter) (D:11)
  A shadow (D:11)
  A hungry ghost (D:9)
  Duvessa (D:6)
  A water moccasin (D:11)
  A sky beast (D:5)
  2 ice beasts
  5 orc warriors
  4 ogres
  A phantom (D:4)
  3 necrophages
  2 wolves (D:8)
  5 centaurs
  2 gnoll sergeants (D:7)
  Dowan (D:6)
  A wyvern skeleton (D:11)
  A scorpion (D:6)
  16 killer bees
  4 wights (D:8)
  6 howler monkeys
  2 crimson imps
  2 bullfrog zombies
  8 hounds
  A jelly (D:7)
  A centaur skeleton (D:6)
  An orc priest (D:11)
  A gnoll shaman (D:7)
  An iguana (D:9)
  4 worker ants
  7 orc wizards
  A hound skeleton (D:7)
  A worker ant zombie (D:4)
  Robin (D:4)
  9 adders
  7 gnolls
  A shadow imp (D:9)
  4 oozes
  4 adder skeletons
  A worm (D:3)
  2 dart slugs
  5 leopard geckos
  16 orcs
  11 bats
  7 giant cockroaches
  9 goblins
  23 hobgoblins
  17 jackals
  17 kobolds
  5 quokkas
  2 ball pythons (D:1)
  A ball python skeleton (D:4)
  10 frilled lizards
  7 rats
  A bush (D:6)
260 creatures vanquished.

Vanquished Creatures (collateral kills)
  A tengu warrior (D:11)
  A centaur skeleton (D:8)
  A troll (D:11)
  A wyvern (D:10)
  A warg (D:11)
  2 orc warriors (D:11)
  A black bear (D:8)
  An ice beast (D:10)
  2 ogres (D:11)
  A crocodile (D:9)
  A big kobold (D:11)
  2 killer bees (D:9)
  A wight (D:8)
  A centaur zombie (D:9)
  A jelly (D:7)
  A hound (D:10)
  2 orc priests
  A gnoll shaman (D:7)
  2 orc wizards (D:11)
  2 worker ants
  2 gnolls (D:7)
  An adder (D:10)
  A shadow imp (D:11)
  2 orcs (D:11)
  2 jackals (D:7)
  4 kobolds
38 creatures vanquished.

Vanquished Creatures (others)
  A two-headed ogre zombie (D:8)
  4 killer bee zombies
  A mummy (D:11)
  A worker ant zombie (D:7)
  2 howler monkey zombies (D:9)
  A gnoll zombie (D:7)
  4 orc zombies
  An orc skeleton (D:10)
  3 hobgoblin zombies (D:7)
  A jackal skeleton (D:5)
  A jackal zombie (D:6)
  5 kobold zombies
  A leopard gecko zombie (D:7)
26 creatures vanquished.

Grand Total: 324 creatures vanquished

Notes
Turn   | Place    | Note
-------+----------+-------------------------------------------
     0 | D:1      | iamserjio the Octopode Monk began the quest for the Orb.
     0 | D:1      | Reached XP level 1. HP: 16/16 MP: 1/1
   161 | D:1      | Reached XP level 2. HP: 14/21 MP: 2/2
   399 | D:1      | Reached XP level 3. HP: 13/26 MP: 3/3
  1269 | D:2      | Reached XP level 4. HP: 30/33 MP: 4/4
  1391 | D:2      | Found a glowing silver altar of Zin.
  1825 | D:3      | Reached skill level 4 in Dodging
  2041 | D:3      | Reached XP level 5. HP: 37/37 MP: 5/5
  2712 | D:4      | Noticed Robin
  2715 | D:4      | Noticed a phantom
  3090 | D:4      | Killed Robin
  3090 | D:4      | Reached XP level 6. HP: 23/44 MP: 6/6
  3647 | D:4      | Killed a phantom
  3647 | D:4      | Reached skill level 5 in Fighting
  3647 | D:4      | Reached skill level 5 in Dodging
  3899 | D:4      | Reached skill level 5 in Stealth
  3902 | D:4      | Got a shimmering long sword {slice}
  3903 | D:4      | Identified the +6 long sword "Civveg" {slice, rF+ rN+ Stlth+} (You took it off a crimson imp on level 4 of the Dungeon)
  4141 | D:5      | Entered Level 5 of the Dungeon
  4231 | D:5      | Reached XP level 7. HP: 32/50 MP: 7/7
  4383 | D:5      | Found a staircase to the Ecumenical Temple.
  4393 | Temple   | Entered the Ecumenical Temple
  4430 | Temple   | Became a worshipper of Yredelemnul the Dark
  4430 | Temple   | Reached * piety under Yredelemnul
  4430 | Temple   | Reached ** piety under Yredelemnul
  4803 | D:5      | Reached skill level 1 in Long Blades
  5159 | D:5      | Noticed Shinoi's ghost (novice GrEE)
  5260 | D:6      | Reached skill level 1 in Invocations
  5338 | D:6      | Noticed Duvessa
  5422 | D:6      | Reached skill level 6 in Dodging
  5710 | D:6      | Learned a level 2 spell: Blink
  5887 | D:6      | Noticed Dowan
  5896 | D:6      | Killed Duvessa
  5896 | D:6      | Reached XP level 8. HP: 35/57 MP: 7/9
  5908 | D:6      | Killed Dowan
  6567 | D:7      | Found Siefeucu's Antique Weapon Emporium.
  6746 | D:7      | Reached skill level 7 in Dodging
  6873 | D:7      | Reached XP level 9. HP: 21/63 MP: 11/11
  6880 | D:7      | HP: 3/63 [killer bee (8)]
  6881 | D:7      | Noticed Prince Ribbit
  7504 | D:7      | Killed Prince Ribbit
  7504 | D:7      | Reached skill level 5 in Long Blades
  7504 | D:7      | Reached skill level 1 in Shields
  7740 | D:7      | Reached *** piety under Yredelemnul
  8135 | D:8      | Reached skill level 8 in Dodging
  8323 | D:8      | Noticed a troll
  8373 | D:8      | Noticed a two-headed ogre
  8382 | D:8      | Killed a two-headed ogre
  8382 | D:8      | Reached XP level 10. HP: 45/71 MP: 13/13
  8781 | D:8      | Noticed a two-headed ogre
  8802 | D:8      | Killed a two-headed ogre
  8802 | D:8      | Reached skill level 9 in Dodging
  8802 | D:8      | Reached skill level 5 in Invocations
  9135 | D:9      | Noticed an eight-headed hydra
  9302 | D:9      | Got a jewelled mace
  9514 | D:9      | Reached **** piety under Yredelemnul
 10026 | D:10     | Entered Level 10 of the Dungeon
 10088 | D:10     | Found a blossoming altar of Fedhas.
 10098 | D:10     | Received a gift from Yredelemnul (a mummy)
 10240 | D:10     | Noticed a deep elf mage
 10249 | D:10     | Killed a deep elf mage
 10250 | D:10     | Reached XP level 11. HP: 77/77 MP: 15/15
 10695 | D:10     | Noticed a two-headed ogre
 10702 | D:10     | Killed a two-headed ogre
 10702 | D:10     | Reached skill level 10 in Dodging
 11617 | D:11     | Received a gift from Yredelemnul (a mummy)
 11628 | D:11     | Found a staircase to the Orcish Mines.
 11739 | D:11     | Noticed a tengu warrior
 11750 | D:11     | Killed a tengu warrior
 11853 | Orc:1    | Entered Level 1 of the Orcish Mines
 11863 | Orc:1    | Noticed an orc sorcerer
 11865 | Orc:1    | Noticed an orc knight
 11979 | D:11     | Slain by a troll

Skill      XL: |  1  2  3  4  5  6  7  8  9 10 11 |
---------------+----------------------------------+-----
Stealth        | 3 4 5 6 |  6.0
Fighting       | 4 5 6 7 8 |  8.6
Dodging        | 4 5 6 7 8 9 10 | 10.6
Long Blades    | 2 4 6 8 9 |  9.1
Invocations    | 1 3 4 5 6 |  6.7
Shields        | 2 4 |  4.0
Short Blades   | |  3.0

Action                   |  1- 3 |  4- 6 |  7- 9 | 10-12 || total
-------------------------+-------+-------+-------+-------++-------
Melee: Short sword       |    75 |       |       |       ||    75
       Constrict         |    23 |    40 |    37 |    48 ||   148
       Tentacles         |    17 |    35 |    50 |    63 ||   165
       Dagger            |    10 |   195 |       |       ||   205
       Long sword        |       |     9 |   169 |   200 ||   378
Invok: Animate Remains   |       |       |    14 |       ||    14
       Animate Dead      |       |       |     2 |    15 ||    17
       Recall Undead Sla |       |       |       |     6 ||     6
Evoke: Wand              |       |       |     1 |     1 ||     2
  Use: Scroll            |       |     1 |     9 |     1 ||    11
       Potion            |       |       |     1 |     2 ||     3
 Stab: Sleeping          |     7 |    21 |    21 |     7 ||    56
       Distracted        |       |       |     1 |     5 ||     6
  Eat: Chunk             |     1 |     9 |     8 |    14 ||    32
       Ration            |       |       |     3 |     1 ||     4
Armor: Skin              |    11 |     8 |     2 |     1 ||    22
Dodge: Dodged            |    72 |    74 |    93 |   181 ||   420
Block: Buckler           |       |       |    13 |    59 ||    72
       Rpst.: Long sword |       |     2 |    30 |    48 ||    80
